 Dungeon Crawl Stone Soup version 0.28.0-1-gb440e238dd (webtiles) character file.

Game seed: 11204690208517768089

3 Angani the Sneak (level 1, -1/19 HPs)
             Began as a Draconian Delver on Feb 20, 2022.
             Slain by an orc (6 damage)
             ... on level 3 of the Dungeon.
             The game lasted 00:01:11 (168 turns).

Angani the Sneak (Draconian Delver)                  Turns: 168, Time: 00:01:11

Health: -1/19      AC:  4    Str: 14    XL:     1   Next: 41%
Magic:  1/1        EV:  7    Int: 10    God:
Gold:   0          SH: 10    Dex: 12    Spells: 0/0 levels left

rFire   . . .      SeeInvis .     - Unarmed
rCold   . . .      Faith    .   f - +0 tower shield
rNeg    . . .      Spirit   .   (armour unavailable)
rPois   .          Reflect  .   (helmet restricted)
rElec   .          Harm     .   (no cloak)
rCorr   .          Rampage  .   (no gloves)
Will    .....                   (no boots)
Stlth   +++.......              (no amulet)
HPRegen 0.06/turn               (no ring)
MPRegen 0.07/turn               (no ring)

@: no status effects
A: AC +4, unfitting armour, cold-blooded
a: no special abilities


You were on level 3 of the Dungeon.
You visited 1 branch of the dungeon, and saw 3 of its levels.

Inventory:

Armour
 f - a +0 tower shield (worn)
Wands
 e - a wand of digging (3)
Scrolls
 a - a scroll of fog
 c - a scroll of fear
Potions
 d - a potion of haste


   Skills:
 - Level 3.2 Fighting
 - Level 1.7 Dodging
 - Level 4.5 Stealth
 + Level 0.3 Shields
 * Level 2.2 Unarmed Combat


You couldn't memorise any spells.
You didn't know any spells.
Your spell library was empty.

Dungeon Overview and Level Annotations

Branches:
Dungeon (5/15)             Temple (0/1) D:4

Altars:

Annotations:
D:4 exclusion: upstairs, Edmund


Innate Abilities, Weirdness & Mutations

Your plain brown scales are hard. (AC +4)
You cannot fit into any form of body armour.
You are cold-blooded and may be slowed by cold attacks.


Message History

The ball python constricts you.
You hit the dart slug.
The dart slug is severely wounded.
You block the ball python's attack. The ball python constricts you.
The dart slug launches a dart at you. You block the slug dart.
You hit the dart slug.
The dart slug is almost dead.
You block the ball python's attack. The ball python constricts you.
The dart slug launches a dart at you.
The slug dart hits you but does no damage.
The ball python bites you but does no damage.
The ball python constricts you.
You hit the dart slug.
You kill the dart slug!
You block the ball python's attack. The ball python constricts you.
The ball python bites you but does no damage.
The ball python constricts you.
You escape the ball python's grasp.
You block the ball python's attack. The ball python barely misses you.
You block the ball python's attack. The ball python grabs you.
The ball python constricts you.
You hit the ball python.
The ball python is moderately wounded.
You block the ball python's attack. The ball python constricts you.
You hit the ball python.
You kill the ball python!
You barely miss the orc.
Your tail-slap misses the orc.
You block the orc's attack.
You closely miss the orc.
You tail-slap the orc, but do no damage.
The orc hits you with a +0 falchion. The orc barely misses you.
You hit the orc.
The orc is heavily wounded.
The orc hits you with a +0 falchion.
* * * LOW HITPOINT WARNING * * *
You hit the orc.
The orc is severely wounded.
The orc hits you with a +0 falchion.
You die...

......#
#$.##g./###.
####.###
#........... .#
#...#####.o#
...........#
.....####..##.#
..... ###S....#
......#.......###
#.......#####...##
.......go@........
##################


You could see an orc and a hobgoblin.

Vanquished Creatures
  A dart slug (D:3)
  A ball python (D:3)
2 creatures vanquished.

Notes
Turn   | Place    | Note
-------+----------+-------------------------------------------
     0 | D:5      | Angani the Draconian Delver began the quest for the Orb.
     0 | D:5      | Reached XP level 1. HP: 19/19 MP: 1/1
    68 | D:4      | Noticed Edmund
   131 | D:4      | Noticed a necrophage
   168 | D:3      | Slain by an orc

Illustrated notes

Levels and vault maps discovered:
D:3:      minmay_door_path, layout_rooms,
          shapermc_ecumenical_altar_starsandcircs, serial_aquarium,
          aquarium_bridge_square [aquarium_subvault_wall,
          aquarium_subvault_bridge, aquarium_subvault_bridge,
          aquarium_subvault_wall], aquarium_window_corner, aquarium_window_1,
          aquarium_view_2b, minmay_bisected, uniq_robin, uniq_ijyb
D:4:      layout_loops_corners, minmay_temple_entry_enclosed_plants, uniq_edmund
D:5:      minmay_spotlight, layout_loops_ring

Action                   || total
-------------------------++-------
Melee: Unarmed           ||    12
       Tailslap          ||     1
  Use: Scroll            ||     1
 Stab: Sleeping          ||     1
Armor: Skin              ||     5
Dodge: Dodged            ||     5
Block: Tower shield      ||    17
